 Dungeon Sprint DCSS version 0.30-a0-748-ge6a52f7cba (webtiles) character file.

Game seed: 12108748786782790924

6 BigDaddyOpFi the Trooper (level 1, 0/20 HPs)
             Began as a Hill Orc Fighter on Feb 8, 2023.
             Slain by an adder (3 damage)
             ... in the Dungeon (Sprint IX: "|||||||||||||||||||||||||||||").
             The game lasted 00:00:11 (32 turns).

BigDaddyOpFi the Trooper (Hill Orc Fighter)           Turns: 32, Time: 00:00:11

Health: 0/20       AC:  7    Str: 18    XL:     1   Next: 90%
Magic:  1/1        EV:  9    Int:  8    God:
Gold:   0          SH:  4    Dex: 10    Spells: 0/0 levels left

rFire   . . .      SeeInvis .    a - +0 war axe
rCold   . . .      Faith    .    c - +0 buckler
rNeg    . . .      Spirit   .    b - +0 scale mail
rPois   .          Reflect  .    (no helmet)
rElec   .          Harm     .    (no cloak)
rCorr   .          Rampage  .    (no gloves)
Will    .....      NoTele   +    (no boots) Stlth
                                 (no amulet)
HPRegen 0.23/turn                (no ring)
MPRegen 0.07/turn                (no ring)

@: no status effects
A: no striking features
a: no special abilities


You were in the Dungeon.
You visited 1 branch

Inventory:

Hand Weapons
 a - a +0 war axe (weapon)
Armour
 b - a +0 scale mail (worn)
 c - a +0 buckler (worn)
Scrolls
 j - a scroll of blinking
Potions
 d - a potion of might
 g - a potion of haste
 h - 2 potions of magic
 i - a potion of berserk rage


   Skills:
 + Level 4.2 Fighting
 + Level 3.6 Axes
 + Level 3.8 Armour
 + Level 3.8 Shields


You couldn't memorise any spells.
You didn't know any spells.
Your spell library was empty.

Dungeon Overview and Level Annotations

Branches:
Dungeon (1/1)

Altars:


Message History

The adder is severely wounded.
The gnoll sergeant hits you from afar with a +0 spear!
You block the adder's attack. The gnoll sergeant barely misses you.
You miss the adder.
The adder is severely wounded.
The adder bites you. You block the adder's attack.
The gnoll sergeant hits you from afar with a +0 spear!
* * * LOW HITPOINT WARNING * * *
You feel much better. The adder barely misses you.
You block the gnoll sergeant's attack.
You hit the adder.
The adder is almost dead.
The adder bites you but does no damage.
The gnoll sergeant hits you from afar with a +0 spear.
The adder closely misses you.
You hit the adder but do no damage.
The adder is almost dead.
The adder bites you but does no damage.
The gnoll sergeant hits you from afar with a +0 spear.
The adder bites you.
The gnoll sergeant hits you from afar with a +0 spear!
* * * LOW HITPOINT WARNING * * *
You feel better. You block the adder's attack.
The gnoll sergeant barely misses you.
You hit the adder.
The adder is almost dead.
The adder completely misses you.
The orc noisily yells encouragement to no one in particular.
You block the gnoll sergeant's attack. You block the adder's attack.
You hit the adder but do no damage.
The adder is almost dead.
The adder bites you but does no damage.
The gnoll sergeant hits you but does no damage.
You closely miss the adder.
The adder is almost dead.
The adder bites you but does no damage.
The gnoll sergeant hits you from afar with a +0 spear!
* * * LOW HITPOINT WARNING * * *
The adder bites you.
You die... ▓▓▓▓▓▓▓▓▓▓▓▓▓▓▓▓▓▓ ▓<...†)...@SghoW.+ ▓▓▓▓▓▓▓▓▓▓▓▓▓▓▓▓▓▓

You could see a phantom, a gnoll sergeant, a hound, an adder and an orc.

Vanquished Creatures
  A ball python (D)
  2 giant cockroaches (D)
  A goblin (D)
  A bat (D)
5 creatures vanquished.

Notes
Turn   | Place    | Note
-------+----------+-------------------------------------------
     0 | D        | BigDaddyOpFi the Hill Orc Fighter began the quest for the
                  | Orb.
     0 | D        | Reached XP level 1. HP: 19/19 MP: 1/1
    13 | D        | Reached skill level 4 in Fighting
    23 | D        | Noticed a gnoll sergeant
    23 | D        | Noticed a hound
    23 | D        | Noticed a phantom
    32 | D        | Slain by an adder

Illustrated notes

Levels and vault maps discovered:
D:        linesprint [early_d, line_temple, items_1, d_10, items_2, lair_1,
          lair_end, items_3, orc_1, orc_end, items_4, d_15, swamp_1, shoals_1,
          snake_1, spider_1, d_20, vaults_1, items_5, swamp_end, shoals_end,
          snake_end, spider_end, vaults_end, d_27, items_6, zot_1, zot_end,
          crypt_end, forest_end, elf_end, slime_end, tomb_end, abyss_end,
          pan_hell_end]

Skill      XL: |  1 |
---------------+----+-----
Axes           | 3 |  3.6
Fighting       | 4 |  4.2
Armour         | |  3.8
Shields        | |  3.8

Action                     || total
---------------------------++-------
  Melee: War axe           ||    20
    Use: Potion            ||     2
 Armour: Scale mail        ||    10
  Dodge: Dodged            ||    13
  Block: Buckler           ||    11

Table legend: (Time is in decaauts)
 A = Elapsed time spent in this place.
 B = Non-inter-level travel time spent in this place.
 C = Inter-level travel time spent in this place.
 D = Time resting spent in this place.
 E = Time spent auto-exploring this place.
 F = Levels seen in this place.
 G = Mean time per level.
                   A        B        C        D        E       F      G
               +--------+--------+--------+--------+--------+-----+--------+
         Total |     38 |     38 |      0 |      0 |      0 |   1 |   38.0 |
       Dungeon |     38 |     38 |      0 |      0 |      0 |   1 |   38.0 |
               +--------+--------+--------+--------+--------+-----+--------+

Top non-repeatable levels by time:
       D: 38 daAuts
